Map: Lost and Found LE

Players

HeRoMaRinE - Winner!

  • Race: Terran Terran
  • League: Master
  • Spawn Location: 1:00

FeaR

  • Race: Protoss Protoss
  • League: Master
  • Spawn Location: 7:00

Event: HomeStory Cup XVII

VOD

Have the link to the VOD?

Description

Time

  • Played on: June 29, 2018, 9:24 a.m.
  • Length: 9:25

All games in this series

Show
View Real Time Build Order
Export as new Build Order

HeRoMaRinE Terran - Winner!

Build Orders: Gas First Reaper Expand, Reaper Expand, MMM Bio, Banshee Rush 

Get SALT Encoding   

  12  0:01  SCV  
  13  0:13  SCV  
  14  0:18  Supply Depot  
  14  0:25  SCV  
  14  0:28  Refinery  
  15  0:40  SCV  
  16  0:43  Engineering Bay  
  16  0:46  Barracks  
  16  0:52  SCV  
  17  1:04  SCV  
  18  1:16  SCV  
  19  1:36  Orbital Command, Reaper  
  20  1:46  Command Center  
  20  1:58  Factory  
  20  2:02  SCV  
  21  2:08  Refinery  
  21  2:10  Barracks Reactor  
  21  2:14  SCV  
  22  2:19  Supply Depot  
  22  2:26  SCV  
  23  2:41  SCV  
  23  2:43  Widow Mine  
  26  2:46  Starport  
  26  2:47  Marine x2  
  28  2:53  SCV  
  29  3:01  Orbital Command  
  29  3:05  SCV  
  30  3:08  Cyclone  
  33  3:15  Marine  
  33  3:16  Marine  
  33  3:17  SCV  
  36  3:24  Starport Tech Lab  
  36  3:26  SCV  
  37  3:29  SCV  
  37  3:33  Supply Depot  
  38  3:38  SCV  
  38  3:41  Cloaking Field, SCV  
  38  3:42  Banshee  
  38  3:44  Marine x2  
  44  3:50  SCV  
  44  3:53  SCV, Factory Tech Lab  
  46  3:56  Supply Depot  
  46  4:02  Marine x2, SCV  
  47  4:05  SCV  
  50  4:13  Siege Tank  
  50  4:14  SCV  
  54  4:18  SCV  
  54  4:20  Supply Depot, Marine x2  
  57  4:26  SCV  
  57  4:27  Supply Depot  
  57  4:30  Banshee, SCV  
  62  4:41  Marine x2  
  62  4:42  SCV x2  
  66  4:51  Command Center  
  66  4:53  Siege Tank  
  66  4:54  SCV x2  
  66  4:56  Supply Depot  
  71  5:00  Barracks  
  71  5:06  SCV x2  
  73  5:08  Barracks  
  73  5:14  Engineering Bay  
  73  5:16  Marine x2  
  73  5:18  SCV x2  
  75  5:30  SCV x2  
  72  5:35  Marine  
  72  5:42  SCV x2  
  68  5:43  Refinery  
  68  5:44  Marine  
  68  5:45  Refinery  
  64  5:51  Starport Reactor  
  64  5:52  Factory Reactor, Bunker x2  
  64  5:53  Marine  
  64  5:54  Missile Turret  
  64  5:55  SCV x2  
  65  6:01  Missile Turret  
  65  6:02  Marine  
  65  6:03  Orbital Command  
  62  6:07  Terran Infantry Weapons Level 1  
  62  6:08  Marine x2  
  62  6:09  Stimpack  
  62  6:10  Combat Shields  
  64  6:11  Marine  
  64  6:14  SCV x2  
  66  6:20  Marine  
  67  6:26  Marine x2  
  67  6:29  Medivac x2  
  73  6:33  Barracks  
  73  6:34  Marine, Barracks  
  73  6:36  SCV x2  
  73  6:38  Marine  
  78  6:42  Orbital Command  
  78  6:46  Factory Reactor  
  79  6:48  Marauder  
  79  6:49  Marauder, SCV x2  
  79  6:51  Supply Depot  
  83  6:56  Marine x2  
  82  7:01  Medivac x2, SCV x2  
  82  7:05  Supply Depot x2  
  87  7:14  Marauder x2  
  91  7:16  SCV x2  
  91  7:19  Marine x2  
  95  7:23  SCV  
  95  7:24  Ghost Academy  
  95  7:28  SCV  
  95  7:29  SCV  
  98  7:31  Widow Mine x2, Barracks Tech Lab, Concussive Shells  
  98  7:32  Medivac  
  98  7:33  Marine x2  
  98  7:35  Supply Depot, Marauder x2  
  110  7:39  SCV  
  110  7:40  Refinery, SCV  
  110  7:42  Missile Turret  
  110  7:43  Supply Depot x2, Marine  
  110  7:44  Marine, Missile Turret  
  113  7:51  Marine  
  117  7:54  Ghost  
  117  7:55  Widow Mine  
  117  7:56  Widow Mine, Ghost, Marine  
  124  8:01  Marine x2  
  124  8:02  Missile Turret  
  124  8:03  SCV x3  
  127  8:07  Ghost  
  127  8:08  Marine  
  130  8:14  Marine  
  130  8:15  Supply Depot  
  130  8:19  Widow Mine x2, Marine  
  135  8:20  Marine  
  135  8:23  Marauder  
  135  8:25  Marauder  
  141  8:27  Marine  
  141  8:31  Marine  
  142  8:36  Marauder  
  142  8:37  Marine x2  
  141  8:44  Marauder  
  141  8:45  Marine  
  141  8:46  Marauder  
  137  8:51  Widow Mine x2, Medivac x2  
  137  8:53  Marine  
  137  8:55  Engineering Bay, Armory, Marine  
  142  8:56  Refinery  
  142  8:57  Marauder  
  142  9:02  Bunker  
Show
View Real Time Build Order
Export as new Build Order

FeaR Protoss 

Build Orders: 1 Gate Expand, Oracle Opening, Phoenix Opening 

Get SALT Encoding   

  12  0:01  Probe  
  13  0:13  Probe  
  14  0:16  Pylon  
  14  0:24  Probe  
  15  0:32  Probe  
  15  0:37  Gateway  
  15  0:40  Probe  
  16  0:45  Assimilator  
  17  0:51  Probe  
  18  1:03  Probe  
  19  1:15  Probe  
  20  1:25  Nexus  
  20  1:33  Cybernetics Core  
  20  1:36  Probe  
  21  1:41  Assimilator  
  21  1:48  Probe  
  21  1:51  Pylon  
  22  2:00  Adept, Probe  
  23  2:12  Probe  
  26  2:15  Stargate  
  26  2:19  Adept  
  26  2:21  Warp Gate  
  26  2:25  Probe  
  29  2:36  Probe  
  31  2:37  Probe  
  31  2:45  Probe  
  31  2:48  Adept  
  31  2:50  Probe  
  31  2:51  Oracle  
  35  2:53  Probe  
  36  3:03  Probe  
  40  3:06  Probe  
  40  3:08  Pylon  
  41  3:15  Probe  
  41  3:18  Probe  
  43  3:25  Oracle  
  43  3:27  Probe  
  43  3:30  Probe  
  48  3:39  Probe  
  49  3:42  Probe  
  50  3:50  Gateway  
  50  3:51  Gateway, Probe  
  50  3:53  Pylon  
  50  3:54  Phoenix  
  50  3:55  Probe  
  54  4:04  Pylon  
  54  4:10  Twilight Council  
  54  4:11  Probe x2  
  54  4:15  Assimilator  
  56  4:17  Assimilator  
  56  4:18  Shield Battery  
  56  4:23  Probe x2  
  58  4:24  Phoenix  
  60  4:35  Probe x2  
  62  4:44  Sentry, Pylon  
  64  4:46  Zealot x2  
  64  4:48  Probe x2  
  64  4:52  Charge  
  70  4:55  Forge  
  70  5:01  Phoenix  
  70  5:04  Pylon  
  74  5:10  Zealot x2  
  74  5:13  Zealot  
  78  5:15  Pylon  
  78  5:17  Gateway  
  78  5:19  Gateway  
  78  5:22  Probe  
  79  5:33  Zealot x2  
  83  5:40  Protoss Ground Armor Level 1  
  76  5:44  Phoenix  
  79  5:50  Probe  
  79  5:58  Zealot  
  79  5:59  Zealot x2  
  79  6:00  Nexus  
  79  6:01  Phoenix  
  79  6:03  Probe x2  
  85  6:06  Pylon  
  87  6:20  Probe x2  
  87  6:24  Robotics Facility  
  89  6:26  Phoenix  
  89  6:30  Zealot x3  
  89  6:32  Probe  
  98  6:35  Pylon  
  98  6:36  Probe, Pylon  
  99  6:41  Pylon  
  99  6:44  Probe  
  98  6:49  Probe  
  96  6:56  Probe  
  96  6:58  Zealot x3  
  96  6:59  Zealot x2  
  96  7:01  Probe  
  106  7:13  Observer  
  105  7:17  Gateway  
  105  7:19  Gateway  
  105  7:21  Probe  
  105  7:22  Probe x2  
  108  7:28  Zealot  
  108  7:29  Zealot  
  112  7:34  Templar Archives, Probe x2, Warp Prism  
  112  7:37  Zealot  
  118  7:47  Zealot x2  
  123  7:55  Zealot x3  
  128  8:13  Zealot x5  
  128  8:16  Zealot  
  128  8:19  Pylon  
  140  8:21  Pylon  
  140  8:22  Pylon  
  140  8:24  Pylon  
  140  8:26  Pylon  
  130  8:51  High Templar x6  
  130  8:52  High Templar  
  130  8:53  Probe x2  
  130  8:54  Probe  
  130  8:55  Archon x3  
Tags
 
Add a new tag
Caveats
  • Supply blocks, unpowered buildings, or Contaminate may cause inaccurate times.
  • Supply counts are checked every 10 seconds.